 Dungeon Crawl Stone Soup version 0.22-a0-274-gf8199ec (webtiles) character file.

126 Amnesiac the Magician (level 4, -1/34 HPs)
             Began as a Mummy Wizard on Mar 13, 2018.
             Slain by a gnoll
             ... wielding a +0 spear
              (4 damage)
             ... on level 3 of the Dungeon.
             The game lasted 00:05:07 (2627 turns).

Amnesiac the Magician (Mummy Wizard)                Turns: 2627, Time: 00:05:08

Health: -1/34      AC:  2    Str: 10    XL:     4   Next: 84%
Magic:  8/10       EV: 13    Int: 18    God:
Gold:   83         SH:  0    Dex: 10    Spells: 2/11 levels left

rFire    x x .     SeeInvis +   k - +0 halberd
rCold    + + .     Gourm    .   (shield currently unavailable)
rNeg     + + +     Faith    .   a - +0 robe
rPois    ∞         Spirit   .   b - +0 hat
rElec    .         Reflect  .   (no cloak)
rCorr    .         Harm     .   (no gloves)
MR       .....                  (no boots)
Stlth    ++........             (no amulet)
HPRegen  0.11/turn              f - ring of see invisible
MPRegen  0.12/turn              l - ring of ice

@: no status effects
A: no food or potions, fire vulnerability, cold resistance 1, negative energy
resistance 3, torment resistance, unbreathing
a: no special abilities


You were on level 3 of the Dungeon.
You were not hungry.

You visited 1 branch of the dungeon, and saw 3 of its levels.

You collected 83 gold pieces.

Inventory:

Hand Weapons
 k - a +0 halberd (weapon)
Armour
 a - a +0 robe (worn)
 b - a +0 hat (worn)
Jewellery
 f - a ring of see invisible (left hand)
 l - a ring of ice (right hand)
Scrolls
 c - 3 scrolls of identify {!r, unknown}
 d - a scroll of teleportation {!r, unknown}
 e - a scroll of enchant armour {!r, unknown}
 g - a scroll of blinking {!r, unknown}
 h - 4 scrolls of remove curse {!r, unknown}
 i - a scroll of magic mapping {!r, unknown}
 j - a scroll of immolation {!r, unknown}


   Skills:
 + Level 2.4 Fighting
 * Level 3.5 Dodging
 - Level 1.5 Stealth
 - Level 4.0 Spellcasting
 - Level 0.7 Conjurations
 - Level 0.7 Summonings
   Level 0.7 Translocations


You had 2 spell levels left.
You knew the following spells:

 Your Spells              Type           Power        Failure   Level  Hunger
a - Magic Dart            Conj           #...         11%         1    N/A
b - Call Imp              Summ           #.......     17%         2    N/A
e - Mephitic Cloud        Conj/Pois/Air  #.......     36%         3    N/A
s - Conjure Flame         Conj/Fire      #.......     36%         3    N/A

Dungeon Overview and Level Annotations

Branches:
Dungeon (3/15)

Altars:


Innate Abilities, Weirdness & Mutations

You do not eat or drink.
Your flesh is vulnerable to fire.
You are immune to poison.
Your flesh is cold resistant. (rC+)
You are immune to negative energy. (rN+++)
You are immune to unholy pain and torment.
You can survive without breathing.


Message History

Aim: a jackal You reach to attack!
You hit the jackal.
The jackal is lightly wounded.
You barely miss the jackal.
The jackal is lightly wounded.
The jackal closely misses you. x3
You barely miss the jackal.
The jackal is lightly wounded.
The jackal barely misses you. x2; The jackal bites you.
The jackal misses you.
You closely miss the jackal.
The jackal is lightly wounded.
The jackal closely misses you. x2; The jackal bites you.
The jackal completely misses you. The jackal bites you. The jackal bites you.
The jackal bites you.
The jackal bites you but does no damage.
Found a scale mail.
Casting: Call Imp (safe; 17% risk of failure)
Confirm with . or Enter, or press ? or * to list all spells.
Aiming: Mephitic Cloud (slightly dangerous; 36% risk of failure)
Press: ? - help, Shift-Dir - straight line, f/p - jackal
Aim: a jackal (lightly wounded)
The ball explodes into a vile cloud!
The stinking cloud engulfs the jackal. x2
The jackal is lightly wounded.
The stinking cloud engulfs you!
You hear a shout! x2
The jackal is engulfed in noxious fumes.
The jackal appears confused.
Something unseen opens the door.
You hear a shout!
You barely miss the jackal.
The jackal is lightly wounded.
The jackal is engulfed in noxious fumes. x2
The jackal appears confused.
You catch the helpless jackal completely off-guard!
You hit the jackal but do no damage.
The jackal is severely wounded.
The jackal is engulfed in noxious fumes.
The jackal appears confused.
The jackal is engulfed in noxious fumes.
The jackal appears confused.
The jackal barely misses you.
A gnoll comes into view. It is wielding a spear.
You hit the jackal.
You kill the jackal!
Attack whom?
Press: ? - help, Dir - move target cursor, f/p - jackal
Aim: a jackal (lightly wounded)
You reach to attack!
You puncture the jackal!
You kill the jackal!
The gnoll misses you.
The gnoll hits you from afar with a spear!
* * * LOW HITPOINT WARNING * * *
A gnoll comes into view. It is wielding a spear.
The gnoll shouts!
You hit the jackal but do no damage.
The jackal bites you but does no damage.
The jackal bites you.
* * * LOW HITPOINT WARNING * * *
A gnoll comes into view. It is wielding a spear.
The gnoll hits you from afar with a spear.
* * * LOW HITPOINT WARNING * * *
The gnoll hits you from afar with a spear.
* * * LOW HITPOINT WARNING * * *
The gnoll hits you with a spear.
You die...

+## ..# ..# ..#
########g#####.
+...h.hgg...[.>
#.#####@.#####
#........#
#..!.!##.?..#
#......##....#
#....#.###..)#
#.........<..#
#.........#.......
#....>#...........
.....%+... .......


You could see 3 gnolls and 2 jackals.

Vanquished Creatures
  2 adders (D:2)
  4 gnolls
  2 oozes
  A dart slug (D:1)
  3 leopard geckos
  A giant cockroach (D:1)
  5 goblins
  2 jackals (D:3)
  2 quokkas
  4 bats
  4 frilled lizards
  2 kobolds (D:2)
  6 rats
38 creatures vanquished.

Vanquished Creatures (collateral kills)
  Terence (D:2)
  An adder (D:2)
  A worm (D:1)
3 creatures vanquished.

Grand Total: 41 creatures vanquished

Notes
Turn   | Place    | Note
-------+----------+-------------------------------------------
     0 | D:1      | Amnesiac the Mummy Wizard began the quest for the Orb.
     0 | D:1      | Reached XP level 1. HP: 13/13 MP: 5/5
   453 | D:1      | Reached XP level 2. HP: 14/20 MP: 0/7
   457 | D:1      | Learned a level 2 spell: Call Imp
   649 | D:1      | Reached skill level 1 in Fighting
  1239 | D:2      | Reached XP level 3. HP: 7/26 MP: 2/8
  1244 | D:2      | Learned a level 3 spell: Mephitic Cloud
  1248 | D:2      | Learned a level 3 spell: Conjure Flame
  1873 | D:2      | Reached XP level 4. HP: 16/33 MP: 1/10
  2270 | D:2      | Noticed Terence
  2357 | D:2      | Killed Terence
  2627 | D:3      | Slain by a gnoll

Vault maps used:
D:1:      tarquinn_simple_flora_water_d
D:2:      uniq_terence
D:3:      first_ration

Skill      XL: |  1  2  3  4 |
---------------+-------------+-----
Dodging        | 2 3 |  3.5
Fighting       | 1 2 |  2.4
Stealth        | |  1.5
Spellcasting   | |  4.0
Conjurations   | |  0.7
Summonings     | |  0.7
Translocations | |  0.7

Action                   |  1- 3 |  4- 6 || total
-------------------------+-------+-------++-------
Melee: Unarmed           |    21 |       ||    21
       Mace              |    10 |       ||    10
       Halberd           |       |    39 ||    39
 Cast: Magic Dart        |    35 |       ||    35
       Call Imp          |     8 |     3 ||    11
       Mephitic Cloud    |     4 |     7 ||    11
 Stab: Confused          |     2 |     3 ||     5
       Sleeping          |       |     1 ||     1
Armor: Robe              |     2 |     5 ||     7
Dodge: Dodged            |    19 |    30 ||    49

Table legend:
 A = Spawn XP
 B = Non-spawn XP
 C = Spawn XP percentage of total XP
 D = Spawn monster count
 E = Non-spawn monster count
 F = Spawn count percentage of total count
 G = Total turns spent on level
                    A         B        C        D         E        F      G
               +---------+---------+-------+---------+---------+-------+---------
         Total |       0 |     181 |   0.0 |       0 |      41 |   0.0 |  2627
               +---------+---------+-------+---------+---------+-------+---------
           D:1 |       0 |      38 |   0.0 |       0 |      14 |   0.0 |  1254
           D:2 |       0 |     137 |   0.0 |       0 |      24 |   0.0 |  1346
           D:3 |       0 |       6 |   0.0 |       0 |       3 |   0.0 |    27
               +---------+---------+-------+---------+---------+-------+---------
